Map: Hard Lead LE

Players

ButtSneezer - Winner!

  • Race: Terran Terran
  • League: Diamond
  • Spawn Location: 5:00

SubN

  • Race: Zerg Zerg
  • League: Diamond
  • Spawn Location: 11:00

VOD

Have the link to the VOD?

Description

Time

  • Played on: Dec. 20, 2023, 8:30 p.m.
  • Length: 9:38
Show
View Real Time Build Order
Export as new Build Order

ButtSneezer Terran - Winner!

Build Orders:  

Get SALT Encoding   

  12  0:00  SCV  
  13  0:12  SCV  
  14  0:17  Supply Depot  
  14  0:24  SCV  
  15  0:38  SCV  
  15  0:39  Barracks  
  16  0:45  Refinery  
  16  0:50  SCV  
  17  1:02  SCV  
  18  1:14  SCV  
  19  1:27  Orbital Command  
  19  1:28  Marine  
  20  1:40  Command Center  
  20  1:48  Barracks Reactor  
  20  1:55  SCV  
  20  1:56  Supply Depot  
  21  2:07  SCV  
  22  2:17  Refinery, Factory  
  22  2:19  SCV  
  23  2:31  SCV  
  23  2:33  Barracks  
  23  2:34  Marine  
  23  2:36  Marine  
  26  2:43  SCV  
  27  2:51  Marine  
  27  2:54  Marine  
  27  2:55  Orbital Command, SCV  
  30  3:02  Factory Tech Lab  
  30  3:07  SCV  
  30  3:10  Marine  
  30  3:12  Marine  
  33  3:17  Supply Depot  
  33  3:19  SCV  
  34  3:22  Barracks Tech Lab  
  34  3:24  SCV  
  34  3:27  Siege Tank  
  38  3:29  Marine  
  38  3:31  Marine  
  38  3:33  SCV  
  41  3:36  SCV  
  41  3:40  Supply Depot  
  42  3:44  Stimpack  
  42  3:46  SCV  
  43  3:49  SCV  
  43  3:53  Marine x2  
  43  3:55  Marauder  
  48  4:00  SCV  
  49  4:07  Widow Mine  
  49  4:09  Starport  
  51  4:12  Supply Depot  
  51  4:14  SCV x2  
  51  4:15  Marine  
  51  4:16  Marine  
  55  4:18  Marauder  
  57  4:26  SCV x2  
  59  4:35  Supply Depot  
  59  4:40  Command Center, SCV  
  59  4:41  SCV  
  61  4:48  Starport Reactor  
  61  4:54  SCV  
  61  4:56  Barracks, SCV  
  61  4:59  Barracks  
  63  5:06  SCV  
  64  5:08  Supply Depot, SCV  
  64  5:11  Barracks  
  64  5:13  Engineering Bay  
  65  5:15  Engineering Bay  
  65  5:18  SCV  
  65  5:20  SCV  
  67  5:30  SCV  
  67  5:31  Refinery  
  67  5:32  SCV  
  69  5:36  Supply Depot x2  
  69  5:40  Terran Infantry Weapons Level 1  
  69  5:41  Terran Infantry Armor Level 1  
  69  5:42  SCV  
  70  5:44  Missile Turret, SCV  
  70  5:49  Missile Turret  
  71  5:54  SCV  
  71  5:55  Orbital Command  
  71  5:56  SCV  
  73  6:00  Barracks Reactor x2  
  73  6:01  Marine, Barracks Tech Lab  
  73  6:02  Marine  
  73  6:03  Missile Turret  
  74  6:06  SCV  
  74  6:07  Marauder  
  74  6:10  Siege Tank  
  80  6:14  Medivac  
  80  6:15  Medivac  
  83  6:18  SCV  
  83  6:19  SCV  
  83  6:25  Refinery  
  85  6:33  Orbital Command  
  85  6:40  SCV  
  85  6:41  SCV  
  85  6:44  Marine  
  85  6:45  Marine x6  
  85  6:46  Marauder, Medivac x2  
  100  6:48  Supply Depot  
  100  6:51  Supply Depot  
  100  6:53  SCV  
  100  6:56  Supply Depot  
  100  6:57  Supply Depot  
  100  7:01  SCV  
  100  7:02  SCV  
  100  7:04  Marauder  
  100  7:05  SCV  
  100  7:06  Marine  
  100  7:07  Marine x4  
  110  7:13  SCV  
  110  7:14  SCV  
  110  7:15  Combat Shield  
  112  7:16  Armory  
  112  7:17  SCV  
  112  7:19  Missile Turret, Marine  
  112  7:20  Medivac  
  116  7:24  Concussive Shells  
  116  7:36  Marine x8  
  123  7:37  Siege Tank  
  123  7:42  SCV x3  
  123  7:43  Supply Depot  
  130  7:51  Supply Depot  
  130  7:54  SCV  
  130  7:55  Marauder  
  133  7:59  Marine x7  
  133  8:00  Medivac x2  
  133  8:01  SCV x2  
  146  8:06  SCV  
  145  8:13  SCV  
  145  8:16  Marauder  
  145  8:17  Marine  
  145  8:20  Marine x4  
  145  8:22  SCV  
  145  8:23  SCV  
  145  8:24  Marine x2  
  150  8:31  SCV  
  150  8:32  Supply Depot x2  
  143  8:34  Marine, SCV  
  143  8:37  Marine  
  143  8:38  Marine x2  
  147  8:42  Marauder  
  147  8:45  Marine x3  
  147  8:46  Siege Tank, Medivac x2  
  158  8:52  Marine  
  158  8:55  Marine  
  159  8:56  Command Center  
  159  8:59  Refinery, SCV x3  
  159  9:00  Refinery  
  162  9:04  Marauder  
  162  9:06  Supply Depot  
  162  9:08  Supply Depot  
  164  9:11  Missile Turret, SCV x3  
  164  9:12  Marine  
  164  9:13  Marine x6  
  174  9:23  SCV  
Show
View Real Time Build Order
Export as new Build Order

SubN Zerg 

Build Orders: Hatch First 

Get SALT Encoding   

  12  0:00  Drone  
  13  0:12  Overlord  
  13  0:19  Drone  
  14  0:30  Drone x2  
  16  0:50  Hatchery  
  16  0:53  Drone  
  16  0:56  Drone  
  17  0:58  Drone  
  17  1:01  Extractor  
  17  1:14  Drone  
  17  1:17  Drone  
  19  1:30  Spawning Pool  
  18  1:35  Drone  
  18  1:38  Drone  
  20  1:49  Overlord  
  20  2:01  Drone  
  21  2:10  Drone  
  22  2:18  Queen x2  
  26  2:24  Drone x4, Metabolic Boost  
  30  2:34  Drone x2  
  32  2:49  Hatchery  
  31  2:53  Drone x2  
  31  2:54  Queen  
  35  3:03  Drone  
  36  3:06  Lair  
  36  3:12  Overlord  
  36  3:14  Overlord  
  36  3:21  Overlord  
  36  3:26  Overlord  
  36  3:36  Drone x3  
  36  3:37  Drone x3  
  42  3:43  Drone  
  43  3:49  Queen  
  43  3:54  Extractor  
  44  4:01  Overlord  
  44  4:05  Extractor  
  43  4:10  Overseer  
  43  4:12  Queen x2  
  47  4:18  Drone x12  
  59  4:26  Baneling Nest  
  59  4:29  Evolution Chamber  
  57  4:35  Queen  
  59  4:38  Drone x4  
  59  4:42  Drone  
  59  4:43  Drone, Extractor  
  59  4:44  Drone  
  65  4:48  Queen  
  65  4:52  Drone x3  
  70  4:54  Drone x4  
  74  5:07  Zerg Melee Weapons Level 1  
  74  5:13  Evolution Chamber  
  73  5:18  Drone  
  73  5:19  Overlord x2  
  73  5:20  Overlord x4  
  74  5:21  Overseer  
  74  5:22  Hydralisk Den  
  73  5:34  Zergling x2  
  74  5:37  Queen  
  74  5:39  Extractor  
  74  5:40  Drone x3  
  78  5:44  Zerg Ground Armor Level 1  
  78  5:53  Centrifugal Hooks  
  78  5:55  Zergling x2  
  78  5:56  Zergling x26  
  92  6:03  Drone x2  
  94  6:15  Muscular Augments  
  94  6:16  Zergling x2  
  94  6:17  Zergling x8  
  99  6:30  Drone x2  
  101  6:33  Hydralisk x4  
  101  6:34  Hydralisk x3  
  114  6:43  Drone  
  114  6:45  Infestation Pit  
  114  6:46  Drone x4  
  118  6:50  Baneling, Extractor  
  118  6:51  Baneling x4  
  118  6:52  Baneling  
  117  6:57  Overlord x2  
  117  7:01  Zerg Missile Weapons Level 1  
  117  7:04  Drone x2  
  119  7:18  Hydralisk  
  119  7:19  Hydralisk x6, Grooved Spines  
  133  7:26  Hive  
  133  7:33  Hatchery  
  133  7:35  Extractor  
  131  7:37  Zergling x2  
  132  7:48  Drone x3  
  132  7:49  Drone x3  
  137  8:03  Overlord x3  
  137  8:04  Overlord x2  
  106  8:34  Drone x10  
  106  8:35  Drone x6  
  120  8:47  Drone x4  
  124  8:54  Queen  
  126  8:59  Overlord  
  126  9:00  Overlord  
  126  9:01  Queen  
  126  9:02  Drone x3  
  131  9:07  Drone x3  
Tags
 
Add a new tag
Caveats
  • Supply blocks, unpowered buildings, or Contaminate may cause inaccurate times.
  • Supply counts are checked every 10 seconds.